 Dungeon Crawl Stone Soup version 5.7-8-g3a8b389 (webtiles) character file.

12 Psymania the Chiller (level 2, -2/26 HPs)
             Began as a Gnoll Wanderer on Jan 26, 2020.
             Slain by an adder (4 damage)
             ... on level 2 of the Dungeon.
             The game lasted 00:05:39 (1118 turns).

Psymania the Chiller (Gnoll Wanderer)               Turns: 1118, Time: 00:05:40

Health: -2/26      AC:  5 (24%)Str: 17  XL:     2   Next: 33%
Magic:  0/3        EV: 11    Int: 13    God:
Gold:   60         SH:  0    Dex: 11    Spells: 2/4 levels left

rFire    + . .     SeeInvis .   a - +0 hand axe
rCold    . . .     Faith    .   (no shield)
rNeg     . . .     Spirit   .   b - +0 ring mail
rPois    .         Reflect  .   (no helmet)
rElec    .                      (no cloak)
rCorr    .                      (no gloves)
MR       .....                  (no boots)
Stlth    ++........             (no amulet)
Regen    0.1/turn               c - +5 ring of strength
MPRegen  0.2/turn               f - ring of fire

@: no status effects
A: no striking features
a: no special abilities


You were on level 2 of the Dungeon.
You were not hungry.

You visited 1 branch of the dungeon, and saw 2 of its levels.

You collected 60 gold pieces.

Inventory:

Hand Weapons
 a - a +0 hand axe (weapon)
 s - a +1 dagger of pain
Armour
 b - a +0 ring mail (worn)
Jewellery
 c - a +5 ring of strength (left hand)
 f - a ring of fire (right hand)
Scrolls
 e - 3 scrolls of amnesia


   Skills:
 + Level 4.5 Fighting
 + Level 1.5 Blades
 + Level 1.5(2.3) Axes
 + Level 3.0 Maces & Staves
 + Level 1.5 Polearms
 + Level 1.5 Bows & Xbows
 + Level 1.5 Throwing
 + Level 1.5 Armour
 + Level 1.5 Dodging
 + Level 2.8 Stealth
 + Level 3.0 Shields
 + Level 1.5 Unarmed Combat
 + Level 1.5 Hexes
 + Level 1.5 Charms
 + Level 1.5 Summonings
 + Level 1.5 Necromancy
 + Level 4.5 Translocations
 + Level 1.5 Transmutations
 + Level 1.5 Fire Magic
 + Level 5.9 Ice Magic
 + Level 1.5 Air Magic
 + Level 1.5 Earth Magic
 + Level 1.5 Invocations
 + Level 1.5 Evocations


You had 2 spell levels left.
You knew the following spells:

 Your Spells              Type           Power        Failure   Level  Hunger
a - Blink                 Tloc           N/A          13%         2    N/A

Your spell library contained the following spells:

 Spells                   Type           Power        Failure   Level  Hunger
 Teleport Other           Tloc           11 (100)     26%         3    N/A
 Passage of Golubria      Tloc           N/A          65%         4    N/A
 Lesser Beckoning         Tloc           11 (100)     26%         3    N/A

Dungeon Overview and Level Annotations

Branches:
Dungeon (2/15)

Altars:


Message History

Your attack speed is below average.
Your base attributes are Str 12, Int 13, Dex 11.
Sorry, you're not good enough to have a special ability.
Casting: Blink (safe; 13% risk of failure)
Confirm with . or Enter, or press ? or * to list all spells.
Okay, then.
Unknown command.
Casting: Blink (safe; 13% risk of failure)
Confirm with . or Enter, or press ? or * to list all spells.
You blink.
A hobgoblin comes into view. It is wielding a +0 dagger.
The hobgoblin shouts!
The adder barely misses you.
Casting: Blink (safe; 13% risk of failure)
Confirm with . or Enter, or press ? or * to list all spells.
You don't have enough magic to cast that spell.
You completely miss the adder.
The adder is severely wounded.
The adder bites you (4).
You die...

... ........# ........##
.........#
.........##### .
.............#######...#
.....................#
...............###......
.......@.......# #####
........S......#
.g................
....[...ยง......###
...............#
..............##
#.....##...)..# ###.##
###..#... #. .#####


You could see an adder and a hobgoblin.

Vanquished Creatures
  A quokka (D:1)
  A goblin (D:1)
  3 hobgoblins (D:1)
  A ball python (D:1)
  2 bats (D:1)
  A frilled lizard (D:2)
  A kobold (D:1)
  2 rats (D:1)
12 creatures vanquished.

Notes
Turn   | Place    | Note
-------+----------+-------------------------------------------
     0 | D:1      | Psymania the Gnoll Wanderer began the quest for the Orb.
     0 | D:1      | Psymania set off with: a +0 ring mail, a potion of ambrosia, a +0 dagger
     0 | D:1      | Reached XP level 1. HP: 19/19 MP: 2/2
   552 | D:1      | Reached XP level 2. HP: 26/26 MP: 3/3
  1040 | D:1      | Learned a level 2 spell: Blink
  1116 | D:2      | HP: 1/26 [poisoned by an adder]
  1118 | D:2      | Slain by an adder

Action                   || total
-------------------------++-------
Melee: Dagger            ||    38
       Mace              ||     7
       Hand axe          ||    28
 Cast: Blink             ||     2
  Use: Potion            ||     2
Armor: Ring mail         ||    26
Dodge: Dodged            ||    34
